 Dungeon Crawl Stone Soup version 0.27.1-1-g398f81649c (webtiles) character file.

Game seed: 3019246198887167390

24 nxtlvl the Ruffian (level 2, -2/23 HPs)
             Began as a Minotaur Transmuter on Sept 18, 2021.
             Slain by an adder (3 damage)
             ... on level 2 of the Dungeon.
             The game lasted 00:01:15 (137 turns).

nxtlvl the Ruffian (Minotaur Transmuter)             Turns: 137, Time: 00:01:16

Health: -2/23      AC:  3    Str: 14    XL:     2   Next: 79%
Magic:  2/3        EV: 11    Int: 10    God:
Gold:   17         SH:  0    Dex: 10    Spells: 2/3 levels left

rFire    . . .     SeeInvis .     - Unarmed
rCold    . . .     Faith    .   (no shield)
rNeg     . . .     Spirit   .   c - +0 leather armour
rPois    .         Reflect  .   (helmet restricted)
rElec    .         Harm     .   (no cloak)
rCorr    .         Rampage  .   (no gloves)
Will     .....                  (no boots)
Stlth    +.........             (no amulet)
HPRegen  0.07/turn              (no ring)
MPRegen  0.08/turn              (no ring)

@: lethally poisoned (-2 -> -7), very slightly contaminated
A: horns 2, retaliatory headbutt
a: no special abilities


You were on level 2 of the Dungeon.
You visited 1 branch of the dungeon, and saw 2 of its levels.

You collected 17 gold pieces.

Inventory:

Missiles
 a - 19 bolts
 d - 16 sling bullets
Armour
 c - a +0 leather armour (worn)
Potions
 b - a potion of haste {unknown}


   Skills:
 - Level 1.2 Fighting
 - Level 2.1 Dodging
 * Level 4.5 Unarmed Combat
 - Level 1.3 Spellcasting
 - Level 1.5 Transmutations


You had 2 spell levels left.
You knew the following spells:

 Your Spells              Type           Power      Damage    Failure   Level
a - Beastly Appendage     Tmut           6%         N/A       22%         1

Your spell library contained the following spells:

 Spells                   Type           Power      Damage    Failure   Level
 Wereblood                Tmut           3%         N/A       34%         2
 Spider Form              Tmut/Pois      1%         N/A       67%         3
 Ice Form                 Ice/Tmut       2%         N/A       97%         4


Dungeon Overview and Level Annotations

Branches:
Dungeon (2/15)

Altars:

Shops:
D:2 (


Innate Abilities, Weirdness & Mutations

You have a pair of horns on your head.
You reflexively headbutt those who attack you in melee.


Message History

You now have 17 gold pieces (gained 8).
An adder comes into view.
Casting: Beastly Appendage (safe; 22% risk of failure)
Confirm with . or Enter, or press ? or * to list all spells.
You miscast Beastly Appendage.
You are very lightly contaminated with residual magic.
Nothing appears to happen.
The adder hisses angrily.
An adder comes into view.
The adder hisses angrily.
A dart slug comes into view.
You see here a frilled lizard corpse.
The dart slug launches a dart at you. The slug dart misses you.
Your magical contamination has completely faded away.
Casting: Beastly Appendage (safe; 22% risk of failure)
Confirm with . or Enter, or press ? or * to list all spells.
You miscast Beastly Appendage.
You are very lightly contaminated with residual magic.
Nothing appears to happen.
You barely miss the adder. Your headbutt misses the adder. The adder bites you.
You are poisoned.
The adder poisons you!
You hit the adder.
The adder is lightly wounded.
* * * LOW HITPOINT WARNING * * *
You feel sick. The adder closely misses you. You furiously retaliate!
You headbutt the adder! You barely miss the adder. The adder misses you.
The adder bites you but does no damage. The adder barely misses you.
You hit the adder.
You kill the adder!
You feel sick. The adder bites you.
* * * LOW HITPOINT WARNING * * *
You are lethally poisoned!
The adder poisons you!
You closely miss the adder. Your headbutt misses the adder.
* * * LOW HITPOINT WARNING * * *
You feel sick. The adder bites you.
You die...

... ...#.......#
...........#.......#
...................
..^....##.#......
####.....##.#†###'#
..................#
.
##.............#..#
..
..........†...†Sw†#
..
#.....<......@##†#
....
###.####)###.###.#
.#... #.###.#
#S#......
#†....###........
....#............
.....#........####
...............#
...###...S......#
....+∩#..........#


You could see an adder and a dart slug.

Vanquished Creatures
  An adder (D:2)
  2 endoplasms
  A hobgoblin (D:2)
  4 jackals (D:2)
  2 ball pythons (D:2)
  A frilled lizard (D:2)
  2 kobolds (D:2)
  A rat (D:2)
14 creatures vanquished.

Notes
Turn   | Place    | Note
-------+----------+-------------------------------------------
     0 | D:1      | nxtlvl the Minotaur Transmuter began the quest for the Orb.
     0 | D:1      | Reached XP level 1. HP: 16/16 MP: 1/1
    94 | D:2      | Reached skill level 4 in Unarmed Combat
    94 | D:2      | Reached XP level 2. HP: 11/23 MP: 3/3
   120 | D:2      | Found Kemeoth's Weapon Boutique.
   137 | D:2      | HP: 1/23 [poisoned by an adder]
   137 | D:2      | Slain by an adder

Illustrated notes

Levels and vault maps discovered:
D:1:      lemuel_arrival_cross, layout_loops_cross, basic_ecumenical_altar,
          chequers_jeans
D:2:      layout_basic, serial_shops, nicolae_shop_window_shopping

Skill      XL: |  1 |
---------------+----+-----
Unarmed Combat | 4 |  4.5
Fighting       | |  1.2
Dodging        | |  2.1
Spellcasting   | |  1.3
Transmutations | |  1.5

Action                   || total
-------------------------++-------
Melee: Unarmed           ||    33
       Headbutt          ||     2
       Punch             ||     1
       Kick              ||     3
 Cast: Beastly Appendage ||     1
Armor: Leather armour    ||     9
Dodge: Dodged            ||    16
